 Dungeon Crawl Stone Soup version bcrawl-1.28.1b (webtiles) character file.

Game seed: 3494370328889553566

194518 KristoblXynda the Slasher (level 5, -2/41 HPs)
             Began as a Draconian Skald on Dec 13, 2020.
             Slain by a gnoll
             ... wielding a +0 halberd
              (12 damage)
             ... on level 3 of the Dungeon.
             The game lasted 00:02:55 (2105 turns).

KristoblXynda the Slasher (Draconian Skald)         Turns: 2105, Time: 00:02:56

Health: -2/41      AC:  5    Str: 13    XL:     5   Next: 69%
Magic:  8/8        EV: 13    Int: 14    God:
Gold:   115        SH:  1    Dex: 11    Spells: 7/8 levels left

rFire    . . .     SeeInvis .   a - +0 long sword
rCold    . . .     Gourm    .   (no shield)
rNeg     . . .     Faith    .   (armour unavailable)
rPois    .         Spirit   .   (helmet restricted)
rElec    .         Reflect  .   (no cloak)
rCorr    .         Harm     .   (no gloves)
MR       .....                  (no boots)
Stlth    +.........             (no amulet)
HPRegen  0.13/turn              (no ring)
MPRegen  0.11/turn              (no ring)

@: no status effects
A: unfitting armour, cold-blooded, AC +5
a: no special abilities


You were on level 3 of the Dungeon.
You were hungry.

You visited 1 branch of the dungeon, and saw 3 of its levels.

You collected 115 gold pieces.

Inventory:

Hand Weapons
 a - a +0 long sword (weapon)
Scrolls
 b - a scroll of remove curse
 c - a scroll of fear
 f - a scroll of teleportation {unknown}
 h - a scroll of magic mapping {unknown}
 p - a scroll of fog {unknown}
Potions
 d - a potion of ambrosia {unknown}
 i - a potion of flight
 j - a potion of agility {unknown}
 k - a potion of brilliance
 l - a potion of curing
 m - a potion of cancellation {unknown}
Comestibles
 e - 5 rations {!d}


   Skills:
 - Level 2.1 Fighting
 * Level 4.1 Long Blades
 * Level 3.8 Dodging
 - Level 2.0 Spellcasting
 + Level 3.5 Charms


You had 7 spell levels left.
You knew the following spells:

 Your Spells              Type           Power        Failure   Level  Hunger
a - Infusion              Chrm           ##......     5%          1    None

Your spell library contained the following spells:

 Spells                   Type           Power        Failure   Level  Hunger
 Song of Slaying          Chrm           ##......     9%          2    ##.....
 Ozocubu's Armour         Chrm/Ice       #.......     34%         3    ####...
 Regeneration             Chrm/Necr      #.........   34%         3    ####...
 Spectral Weapon          Hex/Chrm       #.......     34%         3    ####...


Dungeon Overview and Level Annotations

Branches:
Dungeon (3/12)

Altars:
Qazlal


Innate Abilities, Weirdness & Mutations

Your plain brown scales are hard. (AC +5)
You cannot fit into any form of body armour.
You are cold-blooded and may be slowed by cold attacks.


Message History

You completely miss the hobgoblin. The hobgoblin completely misses you.
The gnoll closely misses you.
You hit the hobgoblin but do no damage. The hobgoblin hits you.
The gnoll hits you from afar with a +0 halberd!
You hit the hobgoblin.
You kill the hobgoblin!
The gnoll hits you from afar with a +0 halberd!
The gnoll barely misses you.
You see here a hobgoblin corpse.
You hit the gnoll but do no damage. The gnoll hits you with a +0 halberd.
You hit the gnoll.
The gnoll is lightly wounded.
You hit the gnoll.
The gnoll is heavily wounded.
The gnoll hits you with a +0 halberd.
* * * LOW HITPOINT WARNING * * *
You closely miss the gnoll.
The gnoll is heavily wounded.
The gnoll hits you with a +0 halberd!
You die...

.# # .# #. ####.# #.
#..<.## #..#.#...###
#..#........
#........# ####@##.##
#g#
#########h##########
........g##.......#
###.#####..##....[..#
....##.....##>......#
.......##.#.........#
....#....†..#.......#
#.......###....<..#


You could see 2 gnolls and a jackal.

Vanquished Creatures
  Sigmund (D:2)
  A worker ant (D:2)
  An ooze (D:1)
  2 dart slugs (D:1)
  4 leopard geckos
  An orc (D:2)
  2 giant cockroaches
  3 goblins
  8 hobgoblins
  3 jackals (D:3)
  A quokka (D:1)
  7 bats
  2 frilled lizards (D:2)
  2 kobolds
  4 rats
42 creatures vanquished.

Notes
Turn   | Place    | Note
-------+----------+-------------------------------------------
     0 | D:1      | KristoblXynda the Draconian Skald began the quest for the
                  | Orb.
     0 | D:1      | Reached XP level 1. HP: 17/17 MP: 3/3
   152 | D:1      | Reached XP level 2. HP: 14/24 MP: 5/5
   432 | D:1      | Reached XP level 3. HP: 27/29 MP: 6/6
   909 | D:2      | Reached skill level 3 in Long Blades
  1251 | D:2      | Found a stormy altar of Qazlal.
  1477 | D:2      | Reached XP level 4. HP: 36/36 MP: 7/7
  1724 | D:2      | Noticed Sigmund
  1740 | D:2      | Killed Sigmund
  1741 | D:2      | Reached skill level 4 in Long Blades
  1741 | D:2      | Reached XP level 5. HP: 35/41 MP: 8/8
  2105 | D:3      | Slain by a gnoll

Skill      XL: |  1  2  3  4 |
---------------+-------------+-----
Charms         | 3 |  3.5
Long Blades    | 3 4 |  4.1
Dodging        | 3 |  3.8
Fighting       | |  2.1
Spellcasting   | |  2.0

Action                   |  1- 3 |  4- 6 || total
-------------------------+-------+-------++-------
Melee: Long sword        |    96 |    63 ||   159
       Tailslap          |     9 |     5 ||    14
  Use: Scroll            |       |     5 ||     5
 Stab: Distracted        |     1 |     1 ||     2
  Eat: Chunk             |     4 |     3 ||     7
Armor: Skin              |    30 |    25 ||    55
Dodge: Dodged            |    65 |    70 ||   135
